 Dungeon Crawl Stone Soup version 0.21-a0-509-gecc5317 (webtiles) character file.

10962 theanonym the Grappler (level 11, -1/136 HPs)
             Began as a Black Draconian Transmuter on Nov 30, 2017.
             Was an Initiate of Gozag.
             Slain by a seven-headed hydra (3 damage)
             ... on level 1 of the Lair of Beasts.
             The game lasted 00:45:19 (14814 turns).

theanonym the Grappler (DrTm)                      Turns: 14814, Time: 00:45:20

Health: -1/136     AC:  9    Str: 18    XL:     11   Next: 43%
Magic:  9/18       EV: 12    Int: 17    God:    Gozag
Gold:   1783       SH:  0    Dex: 11    Spells: 10/20 levels left

rFire    + . .     SeeInvis .     - Unarmed
rCold    . . .     Gourm    .   (no shield)
rNeg     . . .     Faith    .   (armour unavailable)
rPois    .         Spirit   .   (helmet restricted)
rElec    +         Reflect  .   (no cloak)
rCorr    .         Harm     .   (no gloves)
MR       .....                  z - +1 pair of boots
Stlth    ..........             (no amulet)
HPRegen  0.32/turn              (no ring)
MPRegen  0.16/turn              y - ring of protection from fire {rF+}

@: berserking, appendage, very quick
A: breathe lightning, unfitting armour, horns 2, electricity resistance,
cold-blooded, AC +7
a: Breathe Lightning, End Transformation, Potion Petition, Call Merchant, Bribe
Branch, Renounce Religion


Innate Abilities, Weirdness & Mutations

You can breathe wild blasts of lightning.
Your glossy black scales are hard. (AC +7)
You cannot fit into any form of body armour.
You are resistant to electric shocks. (rElec)
You are cold-blooded and may be slowed by cold attacks.
You have a pair of horns on your head.


   Skills:
 + Level 6.5 Fighting
 - Level 1.7 Dodging
 + Level 11.8 Unarmed Combat
 - Level 5.0 Spellcasting
 + Level 9.7 Transmutations
 - Level 5.0 Ice Magic
 - Level 4.4 Poison Magic


You had 10 spell levels left.
You knew the following spells:

 Your Spells              Type           Power        Failure   Level  Hunger
a - Beastly Appendage     Tmut           #####.       1%          1    None
b - Sticks to Snakes      Tmut           #####...     1%          2    #......
c - Spider Form           Tmut/Pois      ####......   2%          3    ###....
d - Ice Form              Ice/Tmut       ####....     7%          4    ####...

Skill      XL: |  1  2  3  4  5  6  7  8  9 10 11 |
---------------+----------------------------------+-----
Unarmed Combat | 4 5 6 7 9 10 11 | 11.8
Transmutations | 3 4 5 6 7 9 |  9.7
Poison Magic   | 1 2 4 |  4.4
Ice Magic      | 2 5 |  5.0
Fighting       | 5 6 |  6.5
Spellcasting   | 4 5 |  5.0
Dodging        | |  1.7

Action                   |  1- 3 |  4- 6 |  7- 9 | 10-12 || total
-------------------------+-------+-------+-------+-------++-------
Melee: Unarmed           |   154 |   192 |   590 |   235 ||  1171
       Tailslap          |    15 |    14 |    50 |     8 ||    87
       Kick              |     1 |     7 |       |       ||     8
       Punch             |     1 |     4 |    17 |     1 ||    23
       Headbutt          |       |     2 |    18 |     3 ||    23
 Cast: Beastly Appendage |     3 |     8 |    14 |     5 ||    30
       Spider Form       |       |     6 |    17 |     9 ||    32
       Sticks to Snakes  |       |     6 |    10 |    10 ||    26
       Ice Form          |       |       |     3 |    15 ||    18
Invok: Potion Petition   |       |       |       |     1 ||     1
 Abil: Breathe Lightning |       |       |     2 |       ||     2
       End Transformatio |       |       |     1 |     2 ||     3
Evoke: Wand              |       |       |     2 |    16 ||    18
  Use: Potion            |       |     2 |     1 |     1 ||     4
       Scroll            |       |     6 |    12 |     3 ||    21
 Stab: Sleeping          |     3 |       |     1 |       ||     4
       Distracted        |       |       |     3 |       ||     3
       Paralysed         |       |       |     7 |    13 ||    20
  Eat: Bread ration      |     1 |     1 |     1 |     1 ||     4
       Chunk             |       |     5 |     1 |       ||     6
       Meat ration       |       |       |     2 |     4 ||     6
       Fruit             |       |       |     8 |     2 ||    10
Armor: Skin              |    52 |    50 |   128 |    57 ||   287
Dodge: Dodged            |   102 |   127 |   298 |   123 ||   650

Inventory:

Missiles
 a - 129 arrows
 k - a throwing net (quivered)
Armour
 r - a +1 pair of gloves
   (You found it on level 9 of the Dungeon)
 z - a +1 pair of boots (worn)
   (You found it on level 4 of the Dungeon)
Jewellery
 c - an uncursed ring of flight {+Fly}
   (You found it on level 2 of the Dungeon)
 y - a ring of protection from fire (right hand) {rF+}
   (You found it on level 1 of the Dungeon)
Wands
 d - a wand of digging (14)
   (You took it off Ijyb on level 4 of the Dungeon)
 C - a wand of polymorph (19)
   (You found it on level 6 of the Dungeon)
 E - a wand of paralysis (4)
   (You bought it in a shop on level 6 of the Dungeon)
 J - a wand of iceblast (1)
   (You found it on level 7 of the Dungeon)
Scrolls
 e - 2 scrolls of enchant weapon
 f - 4 scrolls of fog {!r}
 l - a scroll of noise {unknown}
 n - 2 scrolls of amnesia {unknown}
 s - 5 scrolls of teleportation {!r}
 u - 2 scrolls of immolation {unknown}
 A - a scroll of holy word {unknown}
 G - 4 scrolls of remove curse
 K - 2 scrolls of fear {unknown}
 L - 3 scrolls of enchant armour
Potions
 g - 2 potions of haste
 h - a potion of lignification
 j - a potion of magic
 m - 4 potions of agility
 o - 4 potions of invisibility
 p - 3 potions of mutation
 q - 5 potions of heal wounds
 t - 2 potions of might
 w - 5 potions of curing
 B - 2 potions of resistance
 D - a potion of brilliance
 H - a potion of ambrosia {unknown}
 I - a potion of flight
Books
 b - a book of Changes

   Spells                             Type                      Level
   a - Beastly Appendage              Transmutation                1
   b - Sticks to Snakes               Transmutation                2
   c - Spider Form                    Transmutation/Poison         3
   d - Ice Form                       Ice/Transmutation            4
   e - Blade Hands                    Transmutation                5
Comestibles
 i - 14 royal jellies
 v - 2 meat rations
 F - a fruit

Dungeon Overview and Level Annotations

Branches:
Dungeon (10/15)            Temple (1/1) D:4            Lair (1/6) D:10
    Orc (1/2) D:9

Altars:
Ashenzari
Cheibriados
Dithmenos
Elyvilon
Fedhas
Gozag
Hepliaklqana
Kikubaaqudgha
Makhleb
Nemelex Xobeh
Okawaru
Qazlal
Ru
Sif Muna
Trog
Uskayaw
Vehumet
Wu Jian
Xom
Yredelemnul
Zin
The Shining One
Lugonu

Shops:
D:6 *

Portals:
Trove: D:10 (give 13 potions of heal wounds)


You were on level 1 of the Lair of Beasts.
You worshipped Gozag.
Gozag was most pleased with you.
You were hungry.
You had grown temporary horns.
You visited 4 branches of the dungeon, and saw 13 of its levels.
You also visited: Ossuary.

You collected 2248 gold pieces.
You spent 384 gold pieces at shops.
You paid 81 gold pieces to Gozag.


Message History

Your +1 pair of boots melds into your body.
* * * LOW MAGIC WARNING * * *
Your ball python bites the seven-headed hydra.
You now have 109/109 hp.
You swap places.
The seven-headed hydra bites you! The seven-headed hydra bites you.
The seven-headed hydra bites you! The seven-headed hydra bites you.
The seven-headed hydra closely misses you.
The seven-headed hydra bites you! x2
Your adder bites the seven-headed hydra.
Your ball python bites the seven-headed hydra.
Your adder bites the seven-headed hydra.
You take 47 damage, and have 62/109 hp.
MASSIVE DAMAGE!!
You punch the seven-headed hydra! You freeze the seven-headed hydra.
The seven-headed hydra bites you!
* * * LOW HITPOINT WARNING * * *
The seven-headed hydra bites you!
* * * LOW HITPOINT WARNING * * *
The seven-headed hydra bites you but does no damage.
The seven-headed hydra barely misses you.
The seven-headed hydra bites you.
* * * LOW HITPOINT WARNING * * *
The seven-headed hydra barely misses you.
The seven-headed hydra bites you!
* * * LOW HITPOINT WARNING * * *
Your adder bites the seven-headed hydra.
The seven-headed hydra is poisoned.
Your adder poisons the seven-headed hydra!
Your ball python barely misses the seven-headed hydra.
Your adder bites the seven-headed hydra.
You are too injured to fight recklessly!
You take 43 damage, and have 19/109 hp.
MASSIVE DAMAGE!!
You are too injured to fight recklessly!
You are too injured to fight recklessly!
You are too injured to fight recklessly!
Your adder bites the seven-headed hydra.
The seven-headed hydra completely misses your adder.
The seven-headed hydra bites your adder!
The seven-headed hydra barely misses your adder.
The seven-headed hydra bites your adder!
Your adder dies!
The seven-headed hydra bites your ball python!!
Your ball python dies!
The seven-headed hydra bites your adder!
Your adder dies!
Okay, then.
Really read
s - 6 scrolls of teleportation {!r}?
As you read the scroll of teleportation {!r}, it crumbles to dust.
You feel strangely unstable.
Your surroundings suddenly seem different.
You start resting.
You regained 7 hp, and now have 28/109 hp.
You regained 4 mp, and now have 8/18 mp.
You have no means to grasp a wand firmly enough.
You warm up again.
Your +1 pair of boots unmelds from your body.
You now have 23/91 hp.
Aim: a seven-headed hydra (chance to defeat MR: 15%)
The seven-headed hydra suddenly stops moving!
You grow a pair of large bovine horns.
* * * LOW MAGIC WARNING * * *
You now have 8/18 mp.
The helpless seven-headed hydra fails to defend itself.
You hit the seven-headed hydra. You tail-slap the seven-headed hydra.
You are feeling hungry.
The helpless seven-headed hydra fails to defend itself.
You pummel the seven-headed hydra!! You tail-slap the seven-headed hydra.
The helpless seven-headed hydra fails to defend itself.
You punch the seven-headed hydra!
The helpless seven-headed hydra fails to defend itself.
You hit the seven-headed hydra. You headbutt the seven-headed hydra.
The helpless seven-headed hydra fails to defend itself.
You hit the seven-headed hydra.
The helpless seven-headed hydra fails to defend itself.
You pummel the seven-headed hydra!!
The seven-headed hydra is no longer paralysed.
The seven-headed hydra bites you!
* * * LOW HITPOINT WARNING * * *
The seven-headed hydra bites you.
* * * LOW HITPOINT WARNING * * *
The seven-headed hydra bites you but does no damage.
The seven-headed hydra misses you.
The seven-headed hydra closely misses you. x2
The seven-headed hydra bites you but does no damage.
You take 16 damage, and have 10/91 hp.
Okay, then.
Unknown command.
Okay, then.
Unknown command.
Okay, then.
Really quaff
x - a potion of berserk rage {!q}?
A red film seems to cover your vision as you go berserk!
You feel yourself moving faster!
You feel mighty! The seven-headed hydra bites you.
* * * LOW HITPOINT WARNING * * *
The seven-headed hydra bites you!
* * * LOW HITPOINT WARNING * * *
The seven-headed hydra bites you.
You die...
Your body crumbles into a pile of gold.

......###....^'......#
##.+..# #######.....##
##..## #.....# ##..#
##.#+## ##.### ###..#
#..P# ###.# ## ##.###
#####.#.###
#.####'#P####.........#
#.............D@.....#
#..........##........#
+........###.........#
#.........##..........#
#.##'#########........##
## #.## #P.####### ##..#
#### #...### ###D..#


You could see a seven-headed hydra.

Notes
Turn   | Place    | Note
-------+----------+-------------------------------------------
     0 | D:1      | theanonym the Draconian Transmuter began the quest for the Orb.
     0 | D:1      | Reached XP level 1. HP: 16/16 MP: 3/3
   223 | D:1      | Reached XP level 2. HP: 21/23 MP: 5/5
   227 | D:1      | Learned a level 2 spell: Sticks to Snakes
   955 | D:1      | DsMo: !lg theanonym -log
  1005 | D:1      | beem: 347. theanonym, XL6 DrTm, T:3482: http://crawl.xtahua.com/crawl/morgue/theanonym/morgue-theanonym-20171130-083201.txt
  1345 | D:2      | Reached XP level 3. HP: 28/28 MP: 6/6
  1356 | D:2      | Reached skill level 4 in Unarmed Combat
  1671 | D:2      | Learned a level 3 spell: Spider Form
  1692 | D:2      | Found a burning altar of Makhleb.
  1699 | D:2      | Reached XP level 4. HP: 35/35 MP: 7/7
  2167 | D:3      | theanonym: Про змей забыл
  2272 | D:3      | Reached skill level 3 in Transmutations
  2520 | D:3      | Reached skill level 1 in Poison Magic
  2850 | D:3      | Found a faded altar of an unknown god.
  2888 | D:3      | Reached XP level 5. HP: 24/40 MP: 2/8
  2901 | D:3      | HP: 19/40 [something (3)]
  2905 | D:2      | Reached skill level 5 in Unarmed Combat
  2906 | D:2      | HP: 17/40 [poisoned by miscasting Spider Form (residual poison)]
  3182 | D:3      | Found a stormy altar of Qazlal.
  3183 | D:3      | Noticed a water elemental
  3190 | D:3      | Noticed a fire elemental
  3190 | D:3      | Noticed an air elemental
  3635 | D:3      | theanonym: Козёл вообще сильный но постоянный шум убивает всю игру
  3635 | D:3      | theanonym: Особенно в бездне
  3689 | D:4      | Noticed Ijyb
  3706 | D:4      | HP: 13/40 [orc/trident (9)]
  3710 | D:4      | HP: 6/40 [orc/trident (8)]
  3717 | D:4      | Reached XP level 6. HP: 33/47 MP: 2/9
  3728 | D:4      | Killed Ijyb
  3728 | D:4      | Reached skill level 2 in Poison Magic
  3730 | D:4      | HP: 22/47 [orc/trident (7)]
  3939 | D:4      | Found a staircase to the Ecumenical Temple.
  3947 | Temple   | Entered the Ecumenical Temple
  4011 | Temple   | Became a worshipper of Gozag Ym Sagoz the Greedy
  4220 | D:4      | HP: 19/47 [ogre/giant club (28)]
  4224 | D:4      | Reached skill level 6 in Unarmed Combat
  4224 | D:4      | Reached skill level 4 in Transmutations
  4235 | D:4      | HP: 18/47 [jackal (3)]
  4481 | D:4      | Found a shimmering altar of Xom.
  4534 | D:4      | Found a sacrificial altar of Ru.
  4577 | D:4      | Your scales start taking on a glossy black colour.
  4577 | D:4      | Reached XP level 7. HP: 41/52 MP: 5/10
  4577 | D:4      | Gained mutation: You are resistant to electric shocks. (rElec) [Black Draconian growth]
  4578 | D:4      | theanonym: Врождённый релек это круто конечно
  4735 | D:4      | DsMo: сочный цвет
  4736 | D:4      | Reached skill level 3 in Poison Magic
  4740 | D:4      | theanonym: Дыхание странное какое-то
  4753 | D:4      | DsMo: аоешное вроде
  4897 | D:4      | Found a white marble altar of Elyvilon.
  4898 | D:4      | DsMo: нужно попробовать на открытом пространстве
  4902 | D:4      | theanonym: Во все стороны
  4935 | D:4      | DsMo: лол, оно деревья поджигает
  4964 | D:4      | Found a deep blue altar of Sif Muna.
  5029 | D:4      | Found a basalt altar of Yredelemnul.
  5116 | D:4      | DsMo: запомни это чтобы в лэйере не попасть
  5116 | D:4      | theanonym: Надо ледяную форму к леиру сделать
  5117 | D:5      | Entered Level 5 of the Dungeon
  5118 | D:5      | DsMo: время качать спеллкастинг!
  5118 | D:5      | DsMo: а
  5118 | D:5      | theanonym: Да вроде хватает слотов
  5118 | D:5      | DsMo: ты же его можешь уже выучить
  5132 | D:5      | Learned a level 4 spell: Ice Form
  5203 | D:5      | Found a sand-covered staircase.
  5214 | Ossuary  | Entered an ossuary
  5304 | Ossuary  | theanonym: Кастовать-то не могу
  5724 | Ossuary  | Reached skill level 7 in Unarmed Combat
  6062 | D:5      | Found an ornate altar of the Wu Jian Council.
  6070 | D:5      | Reached skill level 5 in Transmutations
  6080 | D:5      | Reached skill level 4 in Poison Magic
  6080 | D:5      | Reached XP level 8. HP: 49/56 MP: 11/11
  6666 | D:6      | Found a shadowy altar of Dithmenos.
  6810 | D:6      | theanonym: Яд стоило на 4 стопнуть
  6810 | D:6      | DsMo: возможно
  6870 | D:6      | Found Caxuss's General Store.
  6880 | D:6      | Reached skill level 8 in Unarmed Combat
  6910 | D:6      | Bought a wand of paralysis (17) for 228 gold pieces
  6910 | D:6      | Bought a scroll of teleportation for 36 gold pieces
  6910 | D:6      | Bought a bread ration for 60 gold pieces
  6910 | D:6      | Bought a royal jelly for 24 gold pieces
  6910 | D:6      | Bought a scroll of remove curse for 36 gold pieces
  6981 | D:6      | Reached skill level 1 in Ice Magic
  6986 | D:6      | Noticed a purple ugly thing
  6987 | D:6      | HP: 28/56 [centaur/arrow (14)]
  7014 | D:6      | HP: 19/56 [bullfrog (6)]
  7019 | D:6      | HP: 14/56 [bullfrog (3)]
  7026 | D:6      | HP: 6/56 [bullfrog (9)]
  7350 | D:6      | HP: 28/56 [poisoned by a scorpion]
  7355 | D:6      | HP: 25/56 [poisoned by a scorpion]
  7360 | D:6      | HP: 23/56 [poisoned by a scorpion]
  7365 | D:6      | HP: 22/56 [poisoned by a scorpion]
  7373 | D:6      | HP: 21/56 [poisoned by a scorpion]
  7381 | D:6      | HP: 20/56 [poisoned by a scorpion]
  8106 | D:6      | Found a blossoming altar of Fedhas.
  8313 | D:6      | Reached skill level 2 in Ice Magic
  8332 | D:6      | Reached skill level 6 in Transmutations
  8351 | D:6      | HP: 23/59 [purple ugly thing (19)]
  8379 | D:6      | Killed a purple ugly thing
  8379 | D:6      | Reached skill level 9 in Unarmed Combat
  8379 | D:6      | Reached XP level 9. HP: 31/64 MP: 9/12
  8610 | D:7      | Found a sparkling altar of Nemelex Xobeh.
  8634 | D:7      | Noticed Pikel
  8657 | D:7      | Killed Pikel
  8657 | D:7      | Reached skill level 3 in Ice Magic
  9107 | D:7      | Reached skill level 10 in Unarmed Combat
  9107 | D:7      | Reached skill level 4 in Ice Magic
  9136 | D:7      | Reached skill level 7 in Transmutations
  9473 | D:7      | Found a glowing silver altar of Zin.
  9516 | D:7      | theanonym: Ледяная форма реально мощная
  9516 | D:7      | theanonym: Плюс в леире почти нет огненного урона
  9804 | D:8      | Noticed a two-headed ogre
  9804 | D:8      | Noticed mortelune's ghost (novice GrEE)
  9901 | D:8      | Reached skill level 5 in Ice Magic
  9970 | D:8      | Reached XP level 10. HP: 71/73 MP: 10/13
 10011 | D:8      | Found a radiant altar of Vehumet.
 10100 | D:8      | Killed mortelune's ghost
 10100 | D:8      | Reached skill level 2 in Fighting
 10376 | D:8      | Reached skill level 8 in Transmutations
 10417 | D:8      | Killed a two-headed ogre
 10417 | D:8      | Reached skill level 3 in Fighting
 10417 | D:8      | Reached skill level 3 in Spellcasting
 10861 | D:9      | Found an ancient bone altar of Kikubaaqudgha.
 10883 | D:9      | Found a glowing golden altar of the Shining One.
 11101 | D:9      | Reached skill level 4 in Fighting
 11104 | D:9      | Reached skill level 11 in Unarmed Combat
 11143 | D:9      | Found a staircase to the Orcish Mines.
 11210 | D:9      | Reached skill level 4 in Spellcasting
 11567 | D:9      | Noticed a two-headed ogre
 11575 | D:9      | HP: 48/96 [two-headed ogre/giant club (22)]
 11576 | D:9      | HP: 22/96 [two-headed ogre/giant club (26)]
 11577 | D:9      | Killed a two-headed ogre
 11577 | D:9      | Reached skill level 5 in Fighting
 11979 | D:9      | HP: 36/80 [troll (9)]
 11999 | D:9      | HP: 34/80 [troll (6)]
 12011 | D:8      | HP: 16/80 [troll (11)]
 12041 | D:8      | vineage: scrolls?
 12334 | D:9      | Reached skill level 9 in Transmutations
 12603 | D:10     | Entered Level 10 of the Dungeon
 12650 | Orc:1    | Entered Level 1 of the Orcish Mines
 12650 | Orc:1    | Noticed an orc sorcerer
 12703 | D:10     | Reached XP level 11. HP: 87/87 MP: 12/17
 12841 | D:10     | Found a portal to a secret trove of treasure.
 12954 | D:10     | Noticed a centaur warrior
 13150 | D:10     | HP: 41/87 [centaur warrior/arrow (16)]
 13156 | D:10     | Killed a centaur warrior
 13156 | D:10     | Reached skill level 5 in Spellcasting
 13667 | D:10     | HP: 41/105 [something (12)]
 13672 | D:10     | HP: 41/106 [something (15)]
 13737 | D:10     | Found a staircase to the Lair.
 13944 | D:10     | Reached skill level 6 in Fighting
 13983 | D:10     | Found an ancient bone altar of Kikubaaqudgha.
 14306 | Lair:1   | Entered Level 1 of the Lair of Beasts
 14336 | Lair:1   | DsMo: это да, с 0.18 в лэйере rc гораздо важнее rf
 14497 | Lair:1   | Noticed a five-headed hydra
 14498 | Lair:1   | DsMo: дампани, я посмотрю чего я пропустил пока с врачом разговаривал
 14523 | Lair:1   | Killed a five-headed hydra
 14757 | Lair:1   | Noticed a seven-headed hydra
 14767 | Lair:1   | HP: 50/109 [seven-headed hydra (12)]
 14767 | Lair:1   | HP: 19/109 [seven-headed hydra (14)]
 14811 | Lair:1   | HP: 14/91 [seven-headed hydra (12)]
 14812 | Lair:1   | DsMo: ох лол
 14812 | Lair:1   | DsMo: я и нез нал что из паралича можно выйти
 14814 | Lair:1   | DsMo: видимо всегда раньше убивал
 14814 | Lair:1   | HP: 2/136 [seven-headed hydra (11)]
 14814 | Lair:1   | Slain by a seven-headed hydra

Vanquished Creatures
  A hydra (Lair:1)
  A centaur warrior (D:10)
  2 two-headed ogres
  Pikel (D:7)
  The ghost of mortelune the Geomancer, a novice GrEE of Sif Muna (D:8)
  An ugly thing (D:6)
  An elephant (D:10)
  A komodo dragon (Lair:1)
  2 hippogriffs
  A vampire (D:10)
  A wyvern (D:10)
  A basilisk (D:10)
  5 yaks (D:9)
  A hungry ghost (D:9)
  A porcupine (Lair:1)
  A water moccasin (D:9)
  An orc warrior (D:8)
  2 ice beasts
  A sky beast (D:10)
  A slave (D:7)
  2 phantoms (D:8)
  2 necrophages
  7 ogres
  3 crocodiles
  6 centaurs
  2 big kobolds
  7 bullfrogs
  3 scorpions
  3 killer bees (D:10)
  7 wights
  6 howler monkeys
  2 centaur zombies
  5 crimson imps
  2 bullfrog zombies
  4 jellies (D:8)
  A bullfrog skeleton (D:9)
  4 hounds
  An orc priest (D:6)
  5 orc wizards
  Ijyb (D:4)
  6 iguanas
  3 worker ants
  6 big kobold zombies (Ossuary)
  A hound skeleton (D:7)
  2 mummies
  A howler monkey skeleton (D:6)
  3 gnolls (D:6)
  6 adders
  4 shadow imps
  6 oozes
  An adder skeleton (D:6)
  3 dart slugs
  5 leopard geckos
  33 orcs
  4 spectral bats (Ossuary)
  5 giant cockroaches
  6 gnoll zombies (Ossuary)
  11 goblins
  9 hobgoblins
  10 jackals
  15 kobolds
  4 quokkas
  2 ball pythons
  7 bats
  7 bat simulacra (Ossuary)
  3 frilled lizards
  4 goblin simulacra (Ossuary)
  5 goblin zombies (Ossuary)
  4 hobgoblin zombies (Ossuary)
  A kobold simulacrum (Ossuary)
  4 kobold zombies (Ossuary)
  A leopard gecko skeleton (D:4)
  5 orc zombies (Ossuary)
  A quokka zombie (D:7)
  13 rats
  5 rat simulacra (Ossuary)
  2 spectral goblins (Ossuary)
  6 spectral kobolds (Ossuary)
314 creatures vanquished.

Vanquished Creatures (collateral kills)
  An adder (D:4)
  An orc (D:3)
  A ball python (D:4)
3 creatures vanquished.

Vanquished Creatures (others)
  A hound (D:7)
  A jelly (D:7)
  An orc (D:7)
  A fungus (D:10)
4 creatures vanquished.

Grand Total: 321 creatures vanquished
